 Dungeon Sprint DCSS version 0.15-a0-1485-g692b94f (webtiles) character file.

253 PolkaDot the Slicer (level 5, -14/38 HPs)
             Began as a Vampire Gladiator on June 14, 2014.
             Was a Believer of Qazlal.
             Hit by a large rock thrown by a cyclops (33 damage)
             ... in the Dungeon (Sprint IX: "|||||||||||||||||||||||||||||").
             The game lasted 00:03:27 (301 turns).

PolkaDot the Slicer (Vampire Gladiator)              Turns: 301, Time: 00:03:28

HP -14/38        AC  7     Str 14      XL: 5   Next: 90%
MP   5/5         EV 18     Int 10      God: Qazlal [**....]
Gold 0           SH  2     Dex 15      Spells:  0 memorised,  4 levels left

rFire  . . .     SeeInvis +     p - +2 cutlass (distort)
rCold  . . .     Clarity  .     b - +0 leather armour
rNeg   . . .     rCorr    .     (no shield)
rPois  .         rRot     .     c - +0 helmet
rElec  .         Spirit   .     r - +0 cloak
SustAb .         Warding  .     (no gloves)
rMut   .         NoTele   +     (no boots)
Gourm  .                        (no amulet)
MR     .....                    q - +2 ring of evasion
                                a - +2 ring of protection

@: very slightly contaminated, regenerating quickly, invisible, not resistant to
hostile enchantments, very unstealthy
A: fangs 3, see invisible, unbreathing
a: Upheaval, Renounce Religion


You were in the Dungeon.
You worshipped Qazlal.
Qazlal was pleased with you.
You were full.

You visited 1 branch

Inventory:

Hand weapons
 o - the +2,+2 scimitar of Destiny {slice, Stlth-}
   (You found it in the Dungeon)

   It inflicts extra damage upon your enemies.
   It makes you less stealthy.
 p - a +2,+2 cutlass of distortion (weapon)
Missiles
 d - 3 throwing nets (quivered)
Armour
 b - a +0 leather armour (worn)
 c - a +0 helmet (worn)
 r - a +0 cloak (worn)
Magical devices
 n - a wand of fire (7)
Scrolls
 k - 2 scrolls of blinking
 l - 3 scrolls of remove curse
 m - 2 scrolls of amnesia
Jewellery
 a - a +2 ring of protection (left hand)
 q - a +2 ring of evasion (right hand)
Potions
 f - 4 potions of curing
 g - a potion of heal wounds
 h - a potion of haste
 i - 4 potions of magic
 j - a potion of berserk rage


   Skills:
 - Level 1.7 Fighting
 * Level 11.2 Short Blades
 - Level 1.5 Throwing
 + Level 8.4 Dodging


You had 4 spell levels left.
You didn't know any spells.

Dungeon Overview and Level Annotations

Branches:
Dungeon (1/1)

Altars:
Cheibriados
Dithmenos
Elyvilon
Fedhas
Gozag
Kikubaaqudgha
Makhleb
Nemelex Xobeh
Okawaru
Qazlal
Sif Muna
Trog
Vehumet
Xom
Yredelemnul
Zin
The Shining One
Beogh
Jiyva
Lugonu


Innate Abilities, Weirdness & Mutations

Your natural rate of healing is unusually fast.
You have razor-sharp teeth.*
You have supernaturally acute eyesight.
You can survive without breathing.*


Message History

You are very lightly contaminated with residual magic.
Drink which item? (? for menu, Esc to quit)
You feel much better.
You hit the cyclops.
Space bends around the cyclops.
The cyclops is lightly wounded.
The cyclops hits you!!
Ouch! That really hurt!
You hit the cyclops.
Space warps horribly around the cyclops!
The cyclops is heavily wounded.
You barely miss the cyclops.
The cyclops is heavily wounded.
The cyclops barely misses you.
You strike the helpless cyclops from behind!
You slash the cyclops!
The cyclops is almost dead.
The cyclops blinks!
The cyclops throws a large rock.
The large rock hits you!!
Ouch! That really hurt!
You die...

▓[▓
▓.▓
▓(▓
▓)▓
▓%▓
▓)▓
▓C▓
▓.▓
▓@▓
▓l▓
▓§▓
▓D▓
▓Z▓
▓.▓
▓.▓
▓.▓
▓.▓


You could see a cyclops, a wyvern, an iguana and an adder skeleton.

Vanquished Creatures
  A centaur (D)
  2 crimson imps (D)
  An iguana (D)
  An orc wizard (D)
  A shadow imp (D)
  A giant mite (D)
  2 bats (D)
  A giant cockroach (D)
  2 hobgoblins (D)
  2 kobolds (D)
  A giant newt (D)
  A goblin (D)
16 creatures vanquished.

Vanquished Creatures (others)
  A scorpion (D)
1 creature vanquished.

Grand Total: 17 creatures vanquished

Notes
Turn   | Place    | Note
--------------------------------------------------------------
     0 | D        | PolkaDot, the Vampire Gladiator, began the quest for the Orb.
     0 | D        | Reached XP level 1. HP: 16/16 MP: 1/1
     8 | D        | Reached skill level 4 in Short Blades
   110 | D        | Noticed a centaur
   110 | D        | Noticed a crimson imp
   127 | D        | Reached skill level 5 in Short Blades
   127 | D        | Reached XP level 2. HP: 11/22 MP: 2/2
   130 | D        | HP: 1/22 [crimson imp (2)]
   136 | D        | Killed a centaur
   136 | D        | Reached skill level 8 in Short Blades
   136 | D        | Reached XP level 3. HP: 20/27 MP: 3/3
   136 | D        | Reached XP level 4. HP: 24/33 MP: 4/4
   165 | D        | Killed a crimson imp
   165 | D        | Reached skill level 9 in Short Blades
   177 | D        | Found a glowing silver altar of Zin.
   177 | D        | Found a glowing golden altar of the Shining One.
   177 | D        | Found an ancient bone altar of Kikubaaqudgha.
   177 | D        | Found a basalt altar of Yredelemnul.
   177 | D        | Found a shimmering altar of Xom.
   177 | D        | Found a radiant altar of Vehumet.
   177 | D        | Found an iron altar of Okawaru.
   178 | D        | Found a burning altar of Makhleb.
   179 | D        | Found a deep blue altar of Sif Muna.
   180 | D        | Found a bloodstained altar of Trog.
   181 | D        | Found a sparkling altar of Nemelex Xobeh.
   182 | D        | Found a white marble altar of Elyvilon.
   183 | D        | Found a roughly hewn altar of Beogh.
   184 | D        | Found a viscous altar of Jiyva.
   185 | D        | Found a corrupted altar of Lugonu.
   186 | D        | Found a blossoming altar of Fedhas.
   187 | D        | Found a snail-covered altar of Cheibriados.
   188 | D        | Found a shadowy altar of Dithmenos.
   189 | D        | Found a stormy altar of Qazlal.
   190 | D        | Found an opulent altar of Gozag.
   198 | D        | Became a worshipper of Qazlal Stormbringer
   209 | D        | Got the +2,+2 scimitar of Destiny {slice, Stlth-}
   253 | D        | Noticed an orc wizard
   253 | D        | Noticed a crimson imp
   253 | D        | Noticed an iguana
   259 | D        | Killed an orc wizard
   259 | D        | Reached XP level 5. HP: 38/38 MP: 5/5
   262 | D        | Acquired Qazlal's first power
   266 | D        | Killed an iguana
   266 | D        | Reached skill level 10 in Short Blades
   273 | D        | Killed a crimson imp
   273 | D        | Acquired Qazlal's second power
   285 | D        | Noticed a scorpion
   285 | D        | Noticed a cyclops
   285 | D        | Noticed an iguana
   285 | D        | Noticed a wyvern
   290 | D        | Banished a scorpion
   290 | D        | Reached skill level 11 in Short Blades
   301 | D        | Hit by a large rock thrown by a cyclops

Action                   |  1- 3 |  4- 6 || total
-------------------------+-------+-------++-------
Melee: Cutlass           |    33 |    45 ||    78
  Use: Potion            |     2 |     3 ||     5
 Stab: Invisible         |       |     1 ||     1
